 Dungeon Crawl Stone Soup version 0.23-a0-85-g22930c1 (webtiles) character file.

71 Amnesiac the Magician (level 4, -2/33 HPs)
             Began as a Mummy Wanderer on Aug 14, 2018.
             Slain by a gnoll
             ... wielding a +0 spear
              (5 damage)
             ... on level 4 of the Dungeon.
             The game lasted 00:02:48 (1173 turns).

Amnesiac the Magician (Mummy Wanderer)              Turns: 1173, Time: 00:02:49

Health: -2/33      AC:  3    Str: 16    XL:     4   Next: 5%
Magic:  2/10       EV:  6    Int: 14    God:
Gold:   46         SH:  0    Dex:  8    Spells: 10/12 levels left

rFire    . . .     SeeInvis .   a - +2 spear
rCold    . . .     Gourm    .   l - +0 buckler
rNeg     + + +     Faith    .   d - +0 robe
rPois    ∞         Spirit   .   (no helmet)
rElec    .         Reflect  .   e - +0 cloak
rCorr    .         Harm     .   (no gloves)
MR       .....                  (no boots)
Stlth    +.........             (no amulet)
HPRegen  0.11/turn              i - ring of fire
MPRegen  0.12/turn              (no ring)

@: very slightly contaminated, held
A: no food or potions, fire vulnerability, cold resistance 1, negative energy
resistance 3, torment resistance, unbreathing
a: no special abilities


You were on level 4 of the Dungeon.
You were not hungry.

You visited 1 branch of the dungeon, and saw 4 of its levels.

You collected 46 gold pieces.

Inventory:

Hand Weapons
 a - a +2 spear (weapon)
Armour
 b - a +0 shield
 d - a +0 robe (worn)
 e - a +0 cloak (worn)
 l - a +0 buckler (worn)
 m - a +0 ring mail
Jewellery
 i - a ring of fire (left hand)
Scrolls
 c - a scroll of teleportation {!r}
 f - a scroll of identify {!r}
 g - 2 scrolls of remove curse {!r}
 h - a scroll of blinking {!r}
 j - a scroll of fear {!r}
 k - a scroll of amnesia {!r}


   Skills:
 - Level 2.0 Fighting
 - Level 1.0 Dodging
 - Level 1.5 Stealth
 - Level 0.1 Shields
 + Level 4.8 Spellcasting
   Level 1.5 Conjurations
 - Level 1.5 Air Magic


You had 10 spell levels left.
You knew the following spells:

 Your Spells              Type           Power        Failure   Level  Hunger
a - Poisonous Vapours     Pois/Air       #.....       32%         2    N/A

Your spell library contained the following spells:

 Spells                   Type           Power        Failure   Level  Hunger
 Freeze                   Ice            #...         28%         1    N/A
 Ozocubu's Armour         Chrm/Ice       #.......     65%         3    N/A
 Swiftness                Chrm/Air       #.......     32%         2    N/A

Dungeon Overview and Level Annotations

Branches:
Dungeon (4/15)
 Temple: D:4-7

Altars:


Innate Abilities, Weirdness & Mutations

You do not eat or drink.
Your flesh is vulnerable to fire.
You are immune to poison.
Your flesh is cold resistant. (rC+)
You are immune to negative energy. (rN+++)
You are immune to unholy pain and torment.
You can survive without breathing.


Message History

The gnoll shouts! x2; You hear a shout! x2
Things that are here:
a whip; a gnoll corpse
Casting: Poisonous Vapours (safe; 32% risk of failure)
Confirm with . or Enter, or press ? or * to list all spells.
Aiming: Poisonous Vapours (safe; 32% risk of failure)
Press: ? - help, Dir - move target cursor, f - gnoll
Aim: a gnoll, wielding a club You miscast Poisonous Vapours.
You are very lightly contaminated with residual magic.
You feel odd.
Casting: Poisonous Vapours (safe; 32% risk of failure)
Confirm with . or Enter, or press ? or * to list all spells.
Aiming: Poisonous Vapours (safe; 32% risk of failure)
Press: ? - help, Dir - move target cursor, f/p - gnoll
Aim: a gnoll, wielding a club You miscast Poisonous Vapours.
Sparks of electricity dance between your hands.
Casting: Poisonous Vapours (safe; 32% risk of failure)
Confirm with . or Enter, or press ? or * to list all spells.
Aiming: Poisonous Vapours (safe; 32% risk of failure)
Press: ? - help, Dir - move target cursor, f/p - gnoll
Aim: a gnoll, wielding a club You miscast Poisonous Vapours.
Your vision is briefly tinged with green.
The gnoll hits you with a club!
Casting: Poisonous Vapours (safe; 32% risk of failure)
Confirm with . or Enter, or press ? or * to list all spells.
Aiming: Poisonous Vapours (safe; 32% risk of failure)
Press: ? - help, Dir - move target cursor, f/p - gnoll
Aim: a gnoll, wielding a club Poisonous vapours surround the gnoll!
The gnoll is engulfed in poison gas.
The gnoll is poisoned.
The gnoll hits you with a club. The gnoll closely misses you.
Casting: Poisonous Vapours (safe; 32% risk of failure)
Confirm with . or Enter, or press ? or * to list all spells.
You don't have enough magic to cast that spell.
You hit the gnoll but do no damage.
The gnoll is lightly wounded.
The gnoll hits you with a club. The gnoll closely misses you.
You hit the gnoll.
The gnoll is moderately wounded.
The gnoll hits you with a club.
* * * LOW HITPOINT WARNING * * *
The gnoll hits you from afar with a spear.
* * * LOW HITPOINT WARNING * * *
You closely miss the gnoll.
The gnoll is heavily wounded.
The gnoll hits you but does no damage.
A gnoll comes into view. It is wielding a whip.
The gnoll throws a throwing net.
The throwing net hits you.
You become entangled in the net!
You see here a throwing net.
You struggle against the net.
The gnoll hits you with a club.
* * * LOW HITPOINT WARNING * * *
You struggle against the net.
The gnoll hits you from afar with a spear.
* * * LOW HITPOINT WARNING * * *
The gnoll barely misses you.
A gnoll shaman comes into view. It is wielding a whip.
You struggle against the net.
The gnoll shaman shouts!
You hear a shout!
The gnoll hits you from afar with a spear.
You die...

# #.# #.####.###.#
###.###.#......#.#
..........##.#.#.#
###.##...###.....#
# #.#..)..####.###
# #....(.## #.# #
#####.## #.#######
# #.# #.#.gg..#
#.# #.#@###)# #+
#.....#.# #
###g#.#.# #
#.....# # ##..###
### #...# ..+
....g.. ###
####...## .# ...g.


You could see a gnoll shaman and 3 gnolls.

Vanquished Creatures
  A gnoll (D:4)
  3 adders
  2 oozes
  A dart slug (D:1)
  A leopard gecko (D:1)
  2 bats
  A goblin (D:1)
  4 hobgoblins (D:1)
  3 kobolds (D:1)
  A ball python (D:2)
  2 frilled lizards
  A jackal skeleton (D:2)
  3 rats (D:1)
25 creatures vanquished.

Notes
Turn   | Place    | Note
-------+----------+-------------------------------------------
     0 | D:1      | Amnesiac the Mummy Wanderer began the quest for the Orb.
     0 | D:1      | Amnesiac set off with: a +2 spear, a +0 robe, a +0 dagger
     0 | D:1      | Reached XP level 1. HP: 16/16 MP: 2/2
    55 | D:1      | Reached skill level 2 in Spellcasting
    60 | D:1      | Reached XP level 2. HP: 11/22 MP: 3/5
    64 | D:1      | Learned a level 2 spell: Poisonous Vapours
   234 | D:1      | Reached skill level 3 in Spellcasting
   510 | D:2      | Reached XP level 3. HP: 21/27 MP: 0/8
   655 | D:2      | Reached skill level 4 in Spellcasting
  1124 | D:4      | Reached XP level 4. HP: 33/33 MP: 4/10
  1173 | D:4      | Slain by a gnoll

Vault maps used:
D:1:      sevenhm_arrival_forest_fort_small_6
D:3:      grunt_gozag_breadcrumbs, serial_bayou, serial_bayou_crossing,
          serial_bayou_pond_e, serial_bayou_shore_b, serial_bayou_pond_a,
          chequers_ecumenical_altar_lobes

Skill      XL: |  1  2  3 |
---------------+----------+-----
Spellcasting   | 2 3 4 |  4.8
Fighting       | |  2.0
Dodging        | |  1.0
Stealth        | |  1.5
Shields        | |  0.1
Conjurations   | |  1.5
Air Magic      | |  1.5

Action                   |  1- 3 |  4- 6 || total
-------------------------+-------+-------++-------
Melee: Spear             |    33 |     3 ||    36
 Cast: Poisonous Vapours |    18 |     1 ||    19
  Use: Scroll            |     7 |       ||     7
 Stab: Sleeping          |     4 |       ||     4
Armor: Robe              |     7 |     1 ||     8
Dodge: Dodged            |    12 |     3 ||    15

Table legend:
 A = Non-vault XP
 B = Vault XP
 C = Vault XP percentage of total XP
 D = Non-vault monster count
 E = Vault monster count
 F = Vault count percentage of total count
 G = Total turns spent on level
                 A         B        C        D         E       F
            +---------+---------+-------+---------+---------+-------
      Total |     102 |       0 |   0.0 |      25 |       0 |   0.0
            +---------+---------+-------+---------+---------+-------
        D:1 |      36 |       0 |   0.0 |      16 |       0 |   0.0
        D:2 |      24 |       0 |   0.0 |       5 |       0 |   0.0
        D:4 |      42 |       0 |   0.0 |       4 |       0 |   0.0
            +---------+---------+-------+---------+---------+-------
